 Dungeon Crawl Stone Soup version 0.29-a0-298-g3c90f9a769 (webtiles) character file.

Game seed: 2040075264939464707

11151 Ijustatesigmund the Basher (level 11, -3/73 HPs)
             Began as a Gargoyle Monk on Mar 23, 2022.
             Was an Elder of Cheibriados.
             Slain by an unseen horror (6 damage)
             ... on level 10 of the Dungeon.
             The game lasted 00:33:43 (14033 turns).

Ijustatesigmund the Basher (Gargoyle Monk)         Turns: 14033, Time: 00:33:44

Health: -3/73      AC: 22    Str: 26    XL:     11   Next: 73%
Magic:  23/23      EV: 18    Int: 26    God:    Cheibriados [****..]
Gold:   788        SH: 16    Dex: 23    Spells: 10/10 levels left

rFire   . . .      SeeInvis .   a - +0 flail
rCold   . . .      Faith    .   x - +0 kite shield
rNeg    + . .      Spirit   .   b - +4 ring mail {Will+}
rPois   ∞          Reflect  +   (no helmet)
rElec   +          Harm     .   (no cloak)
rCorr   .          Rampage  .   (no gloves)
Will    ++...                   w - +1 pair of boots
Stlth   ++........              o - amulet of reflection
HPRegen 0.22/turn               f - ring of the Octopus King {MP+9 AC+1 EV+1 Str+1 Int+1 Dex+1}
MPRegen 0.18/turn               d - ring of willpower

@: studying 2 skills, very slow
A: sickness immunity, AC +8, negative energy resistance 1, electricity
resistance, torment resistance 1, petrification resistance
a: Renounce Religion, Bend Time, Temporal Distortion, Slouch


You were on level 10 of the Dungeon.
You worshipped Cheibriados.
Cheibriados was greatly pleased with you.
You visited 2 branches of the dungeon, and saw 11 of its levels.
You also visited: Sewer, Ossuary and Bailey.

You collected 788 gold pieces.

Inventory:

Hand Weapons
 a - a +0 flail (weapon)
 h - a +0 hand crossbow
Missiles
 m - 6 silver boomerangs (quivered)
 G - a throwing net
Armour
 b - a +4 ring mail of willpower (worn)
 w - a +1 pair of boots (worn)
 x - a +0 kite shield (worn)
 C - the -1 helmet "Uheuhits" {rElec rCorr Str-2 Int+4}
   (You found it on level 8 of the Dungeon)

   Str:       It affects your strength (-2).
   Int:       It affects your intelligence (+4).
   rElec:     It insulates you from electricity.
   rCorr:     It protects you from acid and corrosion.
 J - +0 acid dragon scales
Jewellery
 d - a ring of willpower (right hand)
 f - a ring of the Octopus King (left hand) {MP+9 AC+1 EV+1 Str+1 Int+1 Dex+1}
   (You acquired it on level 1 of the Dungeon)

   [ring of magical power]

   AC:        It affects your AC (+1).
   EV:        It affects your evasion (+1).
   Str:       It affects your strength (+1).
   Int:       It affects your intelligence (+1).
   Dex:       It affects your dexterity (+1).
   MP:        It affects your magic capacity (+9).
 i - an amulet of magic regeneration
 j - a ring of flight
 k - a ring of wizardry
 o - an amulet of reflection (around neck)
 t - an amulet of regeneration
 D - a ring of fire
 K - a ring of fire
Wands
 l - a wand of paralysis (1)
 v - a wand of digging (8)
 A - a wand of polymorph (12)
 F - a wand of acid (9)
Scrolls
 e - 6 scrolls of immolation
 p - 3 scrolls of silence
 y - 2 scrolls of enchant armour
 z - a scroll of fog
 E - 3 scrolls of teleportation
 H - 3 scrolls of identify
 I - a scroll of blinking
Potions
 c - a potion of ambrosia
 g - 6 potions of resistance
 n - a potion of attraction
 q - a potion of haste
 r - a potion of invisibility
 s - 6 potions of magic
 u - 8 potions of curing
Miscellaneous
 B - a piece from Xom's chessboard (15/15)


   Skills:
 + Level 10.4 Fighting
 + Level 13.7 Maces & Flails
 + Level 8.2 Armour
 + Level 9.7 Dodging
 - Level 2.1 Stealth
 - Level 5.2 Shields
 + Level 4.8 Invocations


You had 10 spell levels left.
You didn't know any spells.
Your spell library contained the following spells:

 Spells                   Type           Power      Damage    Failure   Level
 Portal Projectile        Hex/Tloc       0%         N/A       83%         3
 Blade Hands              Tmut           0%         N/A       100%        5
 Excruciating Wounds      Necr           0%         N/A       100%        5


Dungeon Overview and Level Annotations

Branches:
Dungeon (10/15)            Temple (1/1) D:7            Lair (0/6) D:9
  Sewer (visited)         Ossuary (visited)          Bailey (visited)
    Orc: D:9-12

Altars:
Ashenzari
Cheibriados
Dithmenos
Elyvilon
Fedhas
Gozag
Hepliaklqana
Kikubaaqudgha
Makhleb
Nemelex Xobeh
Okawaru
Qazlal
Ru
Sif Muna
Trog
Uskayaw
Vehumet
Wu Jian
Xom
Yredelemnul
Zin
The Shining One

Shops:
D:5 :   D:6 =


Innate Abilities, Weirdness & Mutations

You are immune to sickness and miasma.
Your stone body is resilient. (AC +8)
You are immune to poison.
You resist negative energy. (rN+)
You are resistant to electric shocks. (rElec)
You are resistant to unholy torment.
You are immune to petrification.


Message History

Items here: )) [ †.
Something hits you but does no damage. Something hits you.
You hit something. Something completely misses you.
You swing at nothing.
Something hits you but does no damage.
You swing at nothing.
Something hits you. x2
You closely miss something. Something hits you.
You completely miss something. Something hits you but does no damage.
You swing at nothing.
You thump something! Something hits you but does no damage.
You swing at nothing.
Something hits you but does no damage.
You swing at nothing.
You block something's attack.
You swing at nothing.
Something barely misses you.
You miss something. You block something's attack.
You swing at nothing.
Something hits you but does no damage.
You hit something. You block something's attack.
You swing at nothing.
Something barely misses you.
You closely miss something. Something hits you but does no damage.
You swing at nothing.
You hit something but do no damage. Something hits you but does no damage.
You swing at nothing.
Something hits you but does no damage.
You barely miss something. Something closely misses you.
Something hits you but does no damage.
You swing at nothing.
You miss something. Something hits you!
* * * LOW HITPOINT WARNING * * *
Something hits you but does no damage.
You completely miss something. Something hits you.
* * * LOW HITPOINT WARNING * * *
You swing at nothing.
You hit something but do no damage.
Something hits you but does no damage. x2
You closely miss something. You block something's attack.
You swing at nothing.
Something hits you.
* * * LOW HITPOINT WARNING * * *
You swing at nothing.
Something hits you!
* * * LOW HITPOINT WARNING * * *
You swing at nothing.
Something closely misses you.
You sock something! Something hits you.
* * * LOW HITPOINT WARNING * * *
You swing at nothing.
Something hits you.
You die...

# #. .# ##.######
###.#### #.......##
##......#
..........###........#
#......)##.#.#.....#.#
#...).)))@..# #......#
#......)###.###......#
#.....).# #.....#.#..#
#.......#
#.###.#.#..#.#
#.##.####
#.###........# # #.
#....†....)..# .
######<#..#..# ..
.......###....# ##
####### ...##


There were no monsters in sight!

Vanquished Creatures
  A death yak (D:9)
  An orc knight (Bailey)
  2 komodo dragons (D:9)
  2 polar bears
  Grinder (D:6)
  A shadow (D:10)
  8 yaks
  A vampire (D:8)
  A wraith (D:9)
  3 wyverns (D:9)
  2 basilisks (D:9)
  A redback (D:7)
  4 vampire mosquitoes (D:9)
  4 acid dragons
  A water moccasin (D:6)
  12 orc warriors
  An ice beast (D:8)
  A black bear (D:4)
  3 sky beasts
  7 centaurs
  A phantom (D:4)
  6 kobold brigands
  A bullfrog (D:8)
  A gnoll sergeant (D:6)
  A scorpion (D:4)
  A water moccasin zombie (Ossuary)
  3 wights (D:10)
  19 killer bees
  An electric eel (D:9)
  5 howler monkeys
  A wyvern simulacrum (D:9)
  7 orc priests
  6 hounds
  3 jellies
  3 gnoll shamans
  9 orc wizards
  4 iguanas
  2 mummies (Ossuary)
  21 gnolls
  14 adders
  2 shadow imps
  5 white imps
  4 ufetubi
  3 adder zombies (Ossuary)
  7 worms
  38 orcs
  13 ball pythons
  A bat (D:2)
  6 endoplasms
  4 giant cockroaches
  2 gnoll zombies (Ossuary)
  10 goblins
  11 hobgoblins
  2 jackals (D:5)
  4 quokkas
  3 frilled lizards
  5 hobgoblin zombies (Ossuary)
  28 kobolds
  4 kobold zombies (Ossuary)
  4 orc zombies (Ossuary)
  15 rats
337 creatures vanquished.

Vanquished Creatures (others)
  A kobold brigand (D:7)
  An orc wizard (D:9)
2 creatures vanquished.

Grand Total: 339 creatures vanquished

Notes
Turn   | Place    | Note
-------+----------+-------------------------------------------
     0 | D:1      | Ijustatesigmund the Gargoyle Monk began the quest for the
                  | Orb.
     0 | D:1      | Reached XP level 1. HP: 14/14 MP: 1/1
    78 | D:1      | Identified 3 scrolls of acquirement
    78 | D:1      | Acquired a manual of Dodging
    82 | D:1      | Acquired a ring of the Octopus King {MP+9 AC+1 EV+1 Str+1
                  | Int+1 Dex+1}
    82 | D:1      | Found the ring of the Octopus King {MP+9 AC+1 EV+1 Str+1
                  | Int+1 Dex+1}
    86 | D:1      | Acquired a manual of Maces & Flails
   244 | D:1      | Found a faded altar of an unknown god.
   447 | D:1      | Reached XP level 2. HP: 15/19 MP: 2/2
   996 | D:1      | Reached skill level 4 in Maces & Flails
  1510 | D:2      | Reached XP level 3. HP: 17/23 MP: 3/3
  1636 | D:2      | Reached skill level 5 in Maces & Flails
  1962 | D:2      | Reached XP level 4. HP: 28/28 MP: 4/4
  1964 | D:2      | Reached skill level 1 in Armour
  1979 | D:2      | You are sucked into a shaft and drop 1 floor!
  2333 | D:3      | Found a glowing drain.
  2374 | Sewer    | Entered a sewer
  2694 | Sewer    | Noticed a kobold brigand
  2709 | Sewer    | HP: 1/29 [kobold brigand/+0 short sword (3)]
  2726 | Sewer    | Killed a kobold brigand
  2727 | Sewer    | Reached skill level 6 in Maces & Flails
  2727 | Sewer    | Reached XP level 5. HP: 10/33 MP: 5/5
  3052 | Sewer    | Noticed a kobold brigand
  3067 | Sewer    | Killed a kobold brigand
  3068 | Sewer    | Reached XP level 6. HP: 39/39 MP: 6/6
  3281 | Sewer    | Reached skill level 7 in Maces & Flails
  3401 | Sewer    | Reached skill level 5 in Fighting
  4054 | D:4      | Reached XP level 7. HP: 44/44 MP: 7/7
  4513 | D:4      | Reached skill level 8 in Maces & Flails
  4517 | D:4      | Found a sand-covered staircase.
  4523 | Ossuary  | Entered an ossuary
  4745 | Ossuary  | Reached XP level 8. HP: 35/51 MP: 8/8
  4925 | D:4      | Reached skill level 5 in Armour
  5423 | D:5      | Entered Level 5 of the Dungeon
  5901 | D:5      | Reached skill level 9 in Maces & Flails
  5996 | D:5      | Found Ihoinuade's Book Shop.
  6499 | D:5      | Reached skill level 1 in Shields
  6852 | D:6      | Noticed Grinder
  6882 | D:6      | Reached XP level 9. HP: 57/57 MP: 9/9
  6900 | D:6      | Paralysed by Grinder for 6 turns
  6908 | D:6      | Killed Grinder
  6909 | D:6      | Reached skill level 10 in Maces & Flails
  6909 | D:6      | Reached skill level 5 in Dodging
  7220 | D:6      | Found Boonoestipne's Jewellery Shop.
  7936 | D:7      | Found a flagged portal.
  7949 | Bailey   | Entered a bailey
  7999 | Bailey   | Noticed an orc knight
  8259 | Bailey   | Reached skill level 11 in Maces & Flails
  8363 | Bailey   | Reached XP level 10. HP: 35/65 MP: 10/10
  8537 | Bailey   | Reached skill level 5 in Shields
  8916 | Bailey   | Killed an orc knight
  9170 | D:8      | Identified the -1 helmet "Uheuhits" {rElec rCorr Str-2
                  | Int+4}
  9453 | D:7      | Noticed a deep elf pyromancer
 10126 | D:7      | a deep elf pyromancer changed into a redback
 10138 | D:7      | Reached skill level 12 in Maces & Flails
 10443 | D:7      | Found a staircase to the Ecumenical Temple.
 10487 | D:7      | Found a bloodstained altar of Trog.
 11004 | Temple   | Entered the Ecumenical Temple
 11367 | Temple   | Became a worshipper of Cheibriados the Contemplative
 11367 | Temple   | Reached * piety under Cheibriados
 11367 | Temple   | Reached ** piety under Cheibriados
 11656 | D:8      | Reached skill level 1 in Invocations
 12376 | D:9      | Reached XP level 11. HP: 55/72 MP: 12/12
 12485 | D:9      | Reached *** piety under Cheibriados
 12566 | D:9      | Reached skill level 13 in Maces & Flails
 12676 | D:9      | Found a staircase to the Lair.
 12816 | D:9      | Reached skill level 10 in Fighting
 12988 | D:8      | Reached **** piety under Cheibriados
 13574 | D:9      | Noticed a death yak
 13619 | D:9      | Killed a death yak
 13920 | D:10     | Entered Level 10 of the Dungeon
 14030 | D:10     | HP: 3/73 [something (7)]
 14033 | D:10     | Slain by an unseen horror

Illustrated notes

Levels and vault maps discovered:
D:1:      lemuel_arrival_river_ford, layout_loops_ring, basic_ecumenical_altar
D:2:      layout_basic
D:3:      layout_rooms, serial_forest, infiniplex_forest_fountain,
          infiniplex_forest_corner_1, infiniplex_forest_straight_5,
          infiniplex_forest_lined_1, infiniplex_forest_straight_3,
          infiniplex_forest_clump_double, portal_sewer_entry_a
D:4:      layout_basic, nicolae_ossuary_entry_plus
D:5:      layout_basic, serial_shops, shop, wad_floor_pattern_untrapped,
          amcnicky_mini_pool_medium
D:6:      cheibrodos_quashed, layout_loops_ring, serial_shops,
          kennysheep_mini_moat, minmay_strange_pillars, uniq_grinder
D:7:      layout_gridville, trog_hazing_becter,
          minmay_temple_entry_drinking_statues, enter_bailey_5,
          solitary_fountain, minmay_fractal_squares_diagonal_5
D:8:      layout_cave_pods
D:9:      layout_basic, erik_lair_dragon, serial_ice, serial_ice_k,
          serial_ice_o, serial_ice_m, serial_ice_c, serial_ice_n,
          minmay_misc_feat_pillars
D:10:     layout_loops_ring, patterned_corridor
Temple:   mainiacjoe_temple_trianglar_array

Skill      XL: |  1  2  3  4  5  6  7  8  9 10 11 |
---------------+----------------------------------+-----
Maces & Flails | 4 5 6 7 8 9 11 12 13 | 13.7
Armour         | 2 3 4 5 7 8 |  8.2
Fighting       | 4 5 6 7 8 9 10 | 10.4
Dodging        | 4 6 8 9 |  9.7
Shields        | 2 4 5 |  5.2
Invocations    | 2 4 |  4.8
Stealth        | |  2.1

Action                   |  1- 3 |  4- 6 |  7- 9 | 10-12 || total
-------------------------+-------+-------+-------+-------++-------
Melee: Mace              |    94 |   163 |   255 |       ||   512
       Punch             |     2 |     1 |     4 |       ||     7
       Flail             |       |       |   446 |   742 ||  1188
Throw: Boomerang         |       |     5 |     4 |     5 ||    14
Invok: Bend Time         |       |       |       |     1 ||     1
Evoke: Wand              |       |    11 |     4 |     6 ||    21
  Use: Scroll            |     5 |     5 |     4 |     5 ||    19
       Potion            |       |     3 |     3 |     9 ||    15
 Stab: Sleeping          |     3 |       |     2 |     1 ||     6
       Distracted        |       |       |     1 |       ||     1
       Invisible         |       |       |     3 |     1 ||     4
       Paralysed         |       |       |     3 |       ||     3
Armor: Robe              |    26 |       |       |       ||    26
       Leather armour    |    20 |       |       |       ||    20
       Ring mail         |     5 |    58 |   261 |   271 ||   595
Dodge: Dodged            |    61 |    94 |   411 |   383 ||   949
Block: Other             |       |    37 |    67 |       ||   104
       Reflection        |       |     2 |     8 |    27 ||    37
       Buckler           |       |       |   176 |   106 ||   282
       Kite shield       |       |       |       |   443 ||   443

Table legend: (Time is in decaauts)
 A = Elapsed time spent in this place.
 B = Non-inter-level travel time spent in this place.
 C = Inter-level travel time spent in this place.
 D = Time resting spent in this place.
 E = Time spent auto-exploring this place.
 F = Levels seen in this place.
 G = Mean time per level.
                   A        B        C        D        E       F      G
               +--------+--------+--------+--------+--------+-----+--------+
         Total |  14664 |  14169 |    495 |   2935 |   7953 |  14 | 1047.4 |
       Dungeon |  11659 |  11209 |    450 |   1800 |   6952 |  10 | 1165.9 |
        Temple |    408 |    363 |     45 |      0 |    336 |   1 |  408.0 |
         Sewer |   1068 |   1068 |      0 |    535 |    291 |   1 | 1068.0 |
       Ossuary |    348 |    348 |      0 |     50 |    187 |   1 |  348.0 |
        Bailey |   1179 |   1179 |      0 |    550 |    187 |   1 | 1179.0 |
               +--------+--------+--------+--------+--------+-----+--------+

Top non-repeatable levels by time:
     D:8: 2008 daAuts
     D:9: 1898 daAuts
     D:1: 1472 daAuts
     D:7: 1246 daAuts
     D:4: 1189 daAuts
  Bailey: 1179 daAuts
     D:6: 1137 daAuts
     D:5: 1124 daAuts
   Sewer: 1068 daAuts
     D:2: 744 daAuts
     D:3: 719 daAuts
  Temple: 408 daAuts
 Ossuary: 348 daAuts
    D:10: 118 daAuts
